Map: Ascension to Aiur LE

Players

porkys

  • Race: Terran Terran
  • League: Platinum
  • Spawn Location: 5:00

Juxtapose - Winner!

  • Race: Terran Terran
  • League: Gold
  • Spawn Location: 11:00

VOD

https://youtu.be/I35JZNJUFlQ

Description

I was mistaken last match: I wasn't 2 MMR away from Gold 1, I was 2 MMR away from reclaiming a spot in Gold League Tier 2. Oops.

Time

  • Played on: Nov. 30, 2017, 6:41 p.m.
  • Length: 6:22
Show
View Real Time Build Order
Export as new Build Order

porkys Terran 

Build Orders:  

Get SALT Encoding   

  12  0:01  SCV  
  13  0:21  Supply Depot, SCV  
  14  0:47  Barracks  
  14  0:49  Barracks  
  14  1:00  Barracks  
  14  1:15  Barracks  
  14  1:24  SCV  
  15  1:31  Supply Depot  
  15  1:36  Marine  
  15  1:39  Marine  
  17  1:47  Marine  
  18  1:54  Marine  
  18  2:00  Marine  
  20  2:03  Marine  
  20  2:07  Marine  
  22  2:11  SCV  
  22  2:15  Supply Depot  
  23  2:18  Marine  
  23  2:22  Marine  
  25  2:25  Marine  
  25  2:29  Marine  
  27  2:35  Marine  
  28  2:40  SCV  
  29  2:45  Supply Depot  
  29  2:47  Marine  
  29  2:50  Marine  
  31  2:59  SCV  
  32  3:11  SCV  
  33  3:14  Refinery  
  33  3:23  Engineering Bay, SCV, Marine  
  35  3:29  Marine  
  35  3:30  Marine  
  37  3:35  SCV  
  37  3:41  Marine  
  39  3:46  Refinery  
  39  3:48  Orbital Command  
  39  3:53  Marine x2  
  35  4:18  Marine  
  35  4:19  Marine x3  
  35  4:21  SCV  
  40  4:33  SCV  
  40  4:36  Marine  
  40  4:37  Marine  
  43  4:40  Missile Turret  
  43  4:42  Barracks Tech Lab  
  43  4:45  SCV  
  42  4:54  Marine x2  
  42  4:57  SCV  
  40  5:08  Bunker, Marine  
  40  5:09  SCV  
  42  5:21  SCV, Marine x2  
  43  5:22  Marauder  
  47  5:47  Command Center  
  47  5:55  Bunker  
  47  5:56  Marine  
Show
View Real Time Build Order
Export as new Build Order

Juxtapose Terran - Winner!

Build Orders:  

Get SALT Encoding   

  12  0:01  SCV  
  13  0:13  SCV  
  14  0:20  Supply Depot  
  14  0:25  SCV  
  15  0:42  SCV  
  16  0:45  Barracks  
  16  0:47  Supply Depot  
  16  0:54  SCV  
  17  1:03  Refinery  
  17  1:06  SCV  
  18  1:19  SCV  
  18  1:24  Refinery  
  19  1:33  Orbital Command  
  19  1:39  Marine  
  20  2:00  Barracks Reactor  
  20  2:02  SCV  
  21  2:14  Factory, SCV  
  21  2:26  SCV  
  21  2:27  Engineering Bay  
  22  2:37  Supply Depot  
  22  2:38  SCV, Marine x2  
  25  2:51  SCV  
  26  3:00  Factory Reactor  
  26  3:01  Marine x2  
  26  3:03  Supply Depot  
  28  3:19  Marine x2  
  30  3:25  Terran Infantry Weapons Level 1  
  30  3:31  Starport  
  30  3:36  Marine  
  30  3:37  Cyclone x2, Marine  
  38  3:53  Bunker  
  38  3:54  Marine x2  
  38  4:09  Cyclone, Starport Tech Lab  
  38  4:12  Marine x2  
  40  4:24  Cyclone  
  43  4:30  Marine x2  
  45  4:32  Medivac  
  47  4:52  Marine  
  47  5:06  Supply Depot  
  47  5:28  Medivac, Marine x2  
  51  5:29  Supply Depot  
  51  5:43  Command Center  
  51  5:45  Marine x2  
  53  6:03  Marine x2  
Tags
 
Add a new tag
Caveats
  • Supply blocks, unpowered buildings, or Contaminate may cause inaccurate times.
  • Supply counts are checked every 10 seconds.